[Event "III Copa Marcel Duchamp 2019"]
[Site "Montevideo"]
[Date "2019.02.16"]
[Round "9.15"]
[White "Muniz, Rafael"]
[Black "Meza, Anahi"]
[Result "1-0"]
[ECO "B42"]
[WhiteElo "2250"]
[BlackElo "2058"]
[Annotator "NA"]
[PlyCount "77"]
[EventDate "2019.02.09"]
[EventType "swiss"]
[EventCountry "URU"]
[SourceTitle "playchess.com"]
[Source "ChessBase"]
[SourceQuality "1"]
[TimeControl "5400+30"]

1. e4 c5 2. Nf3 e6 3. d4 cxd4 4. Nxd4 a6 5. Bd3 Bc5 6. Nb3 Be7 7. Qg4 g6 8. Qe2 d6 9. O-O Nc6 10. Na3 Ne5 11. Nc4 Nxd3 12. cxd3 b5 13. Nca5 Bd7 14. Bd2 Nf6 15. Bh6 e5 16. h3 Nh5 17. Kh1 Nf4 18. Bxf4 exf4 19. Qf3 O-O 20. Qxf4 Rc8 21. d4 Rc2 22. Rab1 Re8 23. Qe3 Bh4 24. Qf4 Qe7 25. f3 g5 26. Qe3 g4 27. Qd3 Rf2 28. Rxf2 Bxf2 29. Rf1 gxh3 30. Rxf2 Qh4 31. g3 Qxg3 32. Qf1 Kh8 33. d5 Rg8 34. Nd4 Qh4 35. Nf5 Bxf5 36. exf5 Rg2 37. Rxg2 hxg2+ 38. Kxg2 Qg5+ 39. Kf2 1-0

[Event "III Copa Marcel Duchamp 2019"]
[Site "Montevideo"]
[Date "2019.02.16"]
[Round "9.16"]
[White "Sosa Macho, Juan Manuel"]
[Black "Lagar, Valentin Alejo"]
[Result "0-1"]
[ECO "D45"]
[WhiteElo "2079"]
[BlackElo "2196"]
[Annotator "NA"]
[PlyCount "66"]
[EventDate "2019.02.09"]
[EventType "swiss"]
[EventCountry "URU"]
[SourceTitle "playchess.com"]
[Source "ChessBase"]
[SourceQuality "1"]
[TimeControl "5400+30"]

1. d4 d5 2. c4 c6 3. Nc3 Nf6 4. Nf3 e6 5. e3 Nbd7 6. Qc2 Bd6 7. b3 O-O 8. Bb2 b6 9. e4 Nxe4 10. Nxe4 dxe4 11. Qxe4 Bb4+ 12. Kd1 Bb7 13. Bd3 g6 14. h4 h5 15. Kc2 Qe7 16. a3 Bd6 17. b4 Nf6 18. Qe2 c5 19. Ne5 cxb4 20. axb4 Rac8 21. Rxa7 Nd5 22. Kb1 Nf4 23. Qe3 Nxd3 24. Qxd3 Bxe5 25. dxe5 Rfd8 26. Qa3 Rxc4 27. Ka1 Rcc8 28. Bc3 Qc7 29. Kb2 Ra8 30. Ra4 Qc4 31. Rc1 Be4 32. Re1 Rd2+ 33. Kc1 Rc2+ 0-1

[Event "III Copa Marcel Duchamp 2019"]
[Site "Montevideo"]
[Date "2019.02.16"]
[Round "9.17"]
[White "Curi, Gabriel"]
[Black "Pichuaga, Juan Pablo"]
[Result "1-0"]
[ECO "B10"]
[WhiteElo "2159"]
[BlackElo "2027"]
[Annotator "NA"]
[PlyCount "81"]
[EventDate "2019.02.09"]
[EventType "swiss"]
[EventCountry "URU"]
[SourceTitle "playchess.com"]
[Source "ChessBase"]
[SourceQuality "1"]
[TimeControl "5400+30"]

1. e4 c6 2. Nc3 d5 3. Nf3 dxe4 4. Nxe4 Nf6 5. Qe2 Nxe4 6. Qxe4 Qd5 7. Qf4 Qd6 8. d4 Qxf4 9. Bxf4 Bf5 10. O-O-O e6 11. Nh4 Bg6 12. Nxg6 hxg6 13. c4 Nd7 14. d5 cxd5 15. cxd5 e5 16. Be3 Bd6 17. Bb5 a6 18. Ba4 Ke7 19. h3 Rac8+ 20. Kb1 Rc7 21. Rhe1 b5 22. Bc2 Rhc8 23. Re2 Kf8 24. g3 Re8 25. h4 f5 26. h5 f4 27. Bc1 g5 28. gxf4 exf4 29. Re6 Bc5 30. Rg1 Bxf2 31. Rxg5 Bh4 32. Rf5+ Nf6 33. Bxf4 Rd7 34. a3 Red8 35. Rxa6 Rxd5 36. h6 Rxf5 37. Bxf5 gxh6 38. Bxh6+ Ke7 39. Re6+ Kf7 40. Rb6 Rh8 41. Rb7+ 1-0

[Event "III Copa Marcel Duchamp 2019"]
[Site "Montevideo"]
[Date "2019.02.16"]
[Round "9.18"]
[White "Hurtado Bahamonde, Rodrigo"]
[Black "Rupel, David"]
[Result "0-1"]
[ECO "B12"]
[WhiteElo "2172"]
[BlackElo "1953"]
[Annotator "NA"]
[PlyCount "130"]
[EventDate "2019.02.09"]
[EventType "swiss"]
[EventCountry "URU"]
[SourceTitle "playchess.com"]
[Source "ChessBase"]
[SourceQuality "1"]
[TimeControl "5400+30"]

1. e4 c6 2. d4 d5 3. e5 a6 4. Nf3 Bf5 5. Be2 e6 6. O-O Nd7 7. c3 c5 8. a3 h6 9. Be3 Ne7 10. dxc5 Nc6 11. c4 dxc4 12. Bxc4 Bxc5 13. Bxc5 Nxc5 14. Nc3 Qc7 15. Qd6 Qxd6 16. exd6 b5 17. Nxb5 O-O-O 18. Nbd4 Nxd4 19. Nxd4 Bd3 20. Rfc1 Kb7 21. Bxd3 Nxd3 22. Rc7+ Kb6 23. Rxf7 Rxd6 24. Nf3 Rhd8 25. h4 R8d7 26. Rf8 Rd8 27. Rxd8 Rxd8 28. Rd1 Rd5 29. b4 Kb5 30. g3 Ka4 31. Kf1 Nxb4 32. Re1 Kxa3 33. Rxe6 a5 34. Ke2 Rd7 35. Ne5 Rc7 36. f4 a4 37. Rb6 Nd5 38. Rb8 Ka2 39. Kd2 Nf6 40. Nd3 Ne4+ 41. Kd1 Rc3 42. Nc1+ Ka3 43. Ne2 Rd3+ 44. Kc1 Nxg3 45. Nxg3 Rxg3 46. Rb7 Rc3+ 47. Kd2 Rf3 48. Rxg7 Rxf4 49. Rg3+ Kb2 50. Rg6 Rxh4 51. Rb6+ Ka2 52. Kc2 Rh2+ 53. Kc1 h5 54. Rb4 a3 55. Rb5 h4 56. Rb8 Rb2 57. Rh8 Rb4 58. Kc2 Rc4+ 59. Kd3 Rg4 60. Kc2 Rg2+ 61. Kc1 Rh2 62. Rb8 h3 63. Rh8 Rh1+ 64. Kc2 h2 65. Kc3 Rc1+ 0-1

[Event "III Copa Marcel Duchamp 2019"]
[Site "Montevideo"]
[Date "2019.02.16"]
[Round "9.19"]
[White "Escofet, Jaime"]
[Black "Sarquis, Maria Belen"]
[Result "1/2-1/2"]
[ECO "A46"]
[WhiteElo "1957"]
[BlackElo "2164"]
[Annotator "NA"]
[PlyCount "179"]
[EventDate "2019.02.09"]
[EventType "swiss"]
[EventCountry "URU"]
[SourceTitle "playchess.com"]
[Source "ChessBase"]
[SourceQuality "1"]
[TimeControl "5400+30"]

1. d4 Nf6 2. Nf3 e6 3. Bf4 d5 4. e3 c5 5. c3 Bd6 6. Bg3 O-O 7. Nbd2 Nc6 8. Bd3 b6 9. O-O Bb7 10. Bh4 c4 11. Bc2 b5 12. e4 dxe4 13. Nxe4 Be7 14. Qe2 Nxe4 15. Qxe4 g6 16. Bxe7 Qxe7 17. Qe3 Qf6 18. Be4 Rab8 19. Rfe1 Rfd8 20. h3 a5 21. a3 Rd6 22. Rad1 Ne7 23. Nd2 Nd5 24. Bxd5 Bxd5 25. Ne4 Bxe4 26. Qxe4 Rd5 27. Qe3 Qe7 28. Qf4 Rbd8 29. Re5 Kg7 30. Rde1 Qf6 31. Qe3 h6 32. f4 h5 33. g3 Qe7 34. Qf3 Qf6 35. Qe4 R8d6 36. Kg2 Qd8 37. Qe2 Qf6 38. Qe3 Rd8 39. Qf3 R8d6 40. g4 hxg4 41. hxg4 Kf8 42. g5 Qe7 43. Qh3 Ke8 44. Qh8+ Qf8 45. Qf6 Qe7 46. Qh8+ Qf8 47. Qh3 Kd7 48. Qe3 Qa8 49. Qf3 b4 50. Kg3 bxa3 51. bxa3 Qb7 52. Qh1 Qb2 53. R1e3 Qb8 54. Qf1 Qb3 55. Qc1 Kc6 56. Kg4 Rd8 57. Re2 Rxe5 58. Rxe5 Rd5 59. Rxd5 Kxd5 60. Qh1+ Kd6 61. Qa8 Qxc3 62. Qd8+ Kc6 63. Qa8+ Kd6 64. Qd8+ Kc6 65. Qa8+ Kc7 66. Qa7+ Kc6 67. Qxf7 Qxd4 68. Qxe6+ Kb5 69. Qxg6 c3 70. Qf5+ Ka4 71. g6 Qg1+ 72. Kh5 Qd1+ 73. Kh6 c2 74. Qe4+ Kxa3 75. Qe7+ Ka4 76. Qe8+ Kb4 77. Qb8+ Kc3 78. Qc7+ Kd3 79. Qd6+ Ke3 80. Qe5+ Kf3 81. Qh5+ Kxf4 82. Qg5+ Ke4 83. Qh4+ Ke3 84. Qg5+ Kf2 85. Qf5+ Kg3 86. Qe5+ Kf3 87. Qf5+ Ke3 88. Qe5+ {Ke2 Qe4+} Kd2 89. Qd4+ Ke2 90. Qe4+ 1/2-1/2

[Event "III Copa Marcel Duchamp 2019"]
[Site "Montevideo"]
[Date "2019.02.16"]
[Round "9.20"]
[White "Granara Barreto, Sebastian"]
[Black "Durante, Aurelio"]
[Result "1/2-1/2"]
[ECO "A11"]
[WhiteElo "2134"]
[BlackElo "1941"]
[Annotator "NA"]
[PlyCount "97"]
[EventDate "2019.02.09"]
[EventType "swiss"]
[EventCountry "URU"]
[SourceTitle "playchess.com"]
[Source "ChessBase"]
[SourceQuality "1"]
[TimeControl "5400+30"]

1. c4 c6 2. g3 d5 3. Bg2 dxc4 4. Nf3 f6 5. Qc2 Be6 6. O-O Na6 7. Qc3 Nc7 8. Na3 Bf7 9. Nxc4 e5 10. Ne3 Ne7 11. a3 Ned5 12. Qc2 Nxe3 13. dxe3 Qd5 14. Nd2 Qc5 15. Qxc5 Bxc5 16. Ne4 Be7 17. Nc3 O-O 18. b4 Bc4 19. Bf3 a5 20. Rb1 axb4 21. axb4 Rfd8 22. e4 Nb5 23. Nxb5 Bxb5 24. Be3 Ra2 25. Rfd1 Raa8 26. Rxd8+ Rxd8 27. h4 Kf7 28. Bc5 Rd2 29. Bxe7 Kxe7 30. Kf1 Ba4 31. Ke1 Ra2 32. h5 h6 33. e3 Kd6 34. Bg4 Kc7 35. Be6 Ra3 36. Kd2 Kb6 37. f4 Bb5 38. Bb3 Ra8 39. Kc3 Be2 40. fxe5 fxe5 41. g4 Bxg4 42. Rg1 Bxh5 43. Rxg7 Re8 44. Rh7 Bg6 45. Rxh6 Bxe4 46. Bc4 Re7 47. Rf6 Kc7 48. Rh6 Bf3 49. b5 1/2-1/2

[Event "III Copa Marcel Duchamp 2019"]
[Site "Montevideo"]
[Date "2019.02.16"]
[Round "9.21"]
[White "Arcos Facio, Mateo"]
[Black "Rodriguez Farias, Eduardo"]
[Result "1-0"]
[ECO "A34"]
[WhiteElo "2107"]
[BlackElo "1935"]
[Annotator "NA"]
[PlyCount "73"]
[EventDate "2019.02.09"]
[EventType "swiss"]
[EventCountry "URU"]
[SourceTitle "playchess.com"]
[Source "ChessBase"]
[SourceQuality "1"]
[TimeControl "5400+30"]

1. c4 Nf6 2. Nc3 c5 3. g3 d5 4. cxd5 Nxd5 5. Bg2 Nc7 6. Nf3 Nc6 7. d3 e5 8. Be3 Bd7 9. a4 Be7 10. Nd2 Rc8 11. O-O O-O 12. Nc4 f6 13. Qb3 Kh8 14. Nb5 Nb4 15. Nxa7 Rb8 16. Nb5 Nxb5 17. axb5 Bxb5 18. Ra7 Bc6 19. Bxc6 bxc6 20. Qa4 Re8 21. Rc1 Qd5 22. Nd2 f5 23. Qa5 Rb5 24. Qc7 Bf8 25. Bg5 Qe6 26. Qd7 Qg6 27. Rca1 Rbb8 28. Bh4 Nc2 29. R1a6 Nd4 30. e3 Nb5 31. Rb7 Rbc8 32. Rxb5 cxb5 33. Rxg6 hxg6 34. Qxb5 Re6 35. Qd7 Rce8 36. Nc4 Kh7 37. Bg5 1-0

[Event "III Copa Marcel Duchamp 2019"]
[Site "Montevideo"]
[Date "2019.02.16"]
[Round "9.22"]
[White "Dotta, Gian Franco"]
[Black "Guerrero, Alvaro"]
[Result "1/2-1/2"]
[ECO "B12"]
[WhiteElo "1896"]
[BlackElo "2096"]
[Annotator "NA"]
[PlyCount "66"]
[EventDate "2019.02.09"]
[EventType "swiss"]
[EventCountry "URU"]
[SourceTitle "playchess.com"]
[Source "ChessBase"]
[SourceQuality "1"]
[TimeControl "5400+30"]

1. e4 c6 2. d4 d5 3. e5 Bf5 4. Nc3 e6 5. g4 Bg6 6. Nge2 Qh4 7. Be3 h5 8. Nf4 Ne7 9. Ng2 Qxg4 10. f3 Qf5 11. Rc1 h4 12. Nf4 h3 13. Rg1 Rh4 14. Bd3 Rxf4 15. Bxf5 Rxf5 16. Rg5 Nd7 17. Rxf5 Nxf5 18. Kd2 O-O-O 19. Ne2 c5 20. c4 dxc4 21. Bf4 Nb6 22. Ke1 Nxd4 23. Nxd4 Rxd4 24. Bd2 Be7 25. f4 Bh4+ 26. Kf1 Bd3+ 27. Kg1 g5 28. Be3 Re4 29. Bxc5 Be2 30. Qd6 Rxf4 31. Qf8+ Kd7 32. Qd6+ Kc8 33. Qf8+ Kd7 1/2-1/2

[Event "III Copa Marcel Duchamp 2019"]
[Site "Montevideo"]
[Date "2019.02.16"]
[Round "9.24"]
[White "Malan, Lucia"]
[Black "Augoustis Funti, Alexis"]
[Result "1-0"]
[ECO "C06"]
[WhiteElo "1851"]
[BlackElo "1984"]
[Annotator "NA"]
[PlyCount "107"]
[EventDate "2019.02.09"]
[EventType "swiss"]
[EventCountry "URU"]
[SourceTitle "playchess.com"]
[Source "ChessBase"]
[SourceQuality "1"]
[TimeControl "5400+30"]

1. e4 e6 2. d4 d5 3. Nd2 Nf6 4. e5 Nfd7 5. Bd3 c5 6. c3 Nc6 7. Ne2 cxd4 8. cxd4 f6 9. exf6 Qxf6 10. Nf3 Bd6 11. O-O O-O 12. Bg5 Qf7 13. Bh4 h6 14. Bg3 Bb8 15. Bc2 g5 16. Qd2 Qg7 17. Rad1 Ne7 18. h4 g4 19. Ne5 Nf5 20. Bxf5 Rxf5 21. Nxd7 Bxd7 22. Nf4 Qf6 23. Ne2 Bb5 24. Qe3 h5 25. Rfe1 Bxe2 26. Rxe2 Kf7 27. Qb3 b6 28. Qa4 Bxg3 29. fxg3 Rf8 30. Qxa7+ Kg6 31. Qxb6 Rf1+ 32. Kh2 Rxd1 33. Rxe6 Kg7 34. Rxf6 Rxf6 35. Qc7+ Kh6 36. Qe5 Rff1 37. Qg5+ Kh7 38. Qxh5+ Kg7 39. Qxg4+ Kf6 40. Qg5+ Ke6 41. Qe5+ Kf7 42. Qxd5+ Kf6 43. Kh3 Rde1 44. Kg4 Kg6 45. h5+ Kh6 46. Qg5+ Kh7 47. Qg6+ Kh8 48. h6 Re7 49. d5 Rf8 50. Kh4 Rd7 51. Qe6 Rfd8 52. g4 Kh7 53. g5 Kh8 54. g6 1-0

[Event "III Copa Marcel Duchamp 2019"]
[Site "Montevideo"]
[Date "2019.02.16"]
[Round "9.25"]
[White "Soto, Nicolas"]
[Black "Ramos Correa, Gabriel"]
[Result "1/2-1/2"]
[ECO "B90"]
[WhiteElo "1982"]
[BlackElo "1920"]
[Annotator "NA"]
[PlyCount "95"]
[EventDate "2019.02.09"]
[EventType "swiss"]
[EventCountry "URU"]
[SourceTitle "playchess.com"]
[Source "ChessBase"]
[SourceQuality "1"]
[TimeControl "5400+30"]

1. e4 c5 2. Nf3 d6 3. d4 cxd4 4. Nxd4 Nf6 5. Nc3 a6 6. f3 e6 7. Be3 Be7 8. Qd2 O-O 9. g4 Nc6 10. O-O-O Nxd4 11. Bxd4 b5 12. g5 Nd7 13. h4 Bb7 14. Bd3 b4 15. Ne2 a5 16. Kb1 Rc8 17. Rhg1 Ne5 18. Qe3 Nxd3 19. Qxd3 Qc7 20. Bf6 d5 21. e5 Kh8 22. Bxe7 Qxe7 23. h5 a4 24. Rg4 Qc5 25. Nd4 Ra8 26. Qb5 Qe7 27. Nc6 Bxc6 28. Qxc6 Rfc8 29. Qb6 Rab8 30. Qa5 Qc7 31. Qxc7 Rxc7 32. Rdd4 Rcb7 33. Kc1 Kg8 34. h6 g6 35. Rgf4 Kf8 36. b3 axb3 37. axb3 Ke7 38. Kb2 Kf8 39. Rd1 Rc7 40. Rfd4 Ra7 41. Ra1 Rc7 42. Ra4 Rbc8 43. Rd2 Rb8 44. f4 Ke7 45. Rd4 Rbc8 46. Rd2 Rb8 47. Rd4 Rbc8 48. Rd2 1/2-1/2

[Event "III Copa Marcel Duchamp 2019"]
[Site "Montevideo"]
[Date "2019.02.16"]
[Round "9.27"]
[White "Araque, Jairo"]
[Black "Manteiga, Franco"]
[Result "1-0"]
[ECO "D00"]
[WhiteElo "1961"]
[BlackElo "1502"]
[Annotator "NA"]
[PlyCount "49"]
[EventDate "2019.02.09"]
[EventType "swiss"]
[EventCountry "URU"]
[SourceTitle "playchess.com"]
[Source "ChessBase"]
[SourceQuality "1"]
[TimeControl "5400+30"]

1. d4 d5 2. Bf4 Nf6 3. e3 e6 4. Nf3 Bd6 5. Bg3 c5 6. c3 Nc6 7. Nbd2 O-O 8. Bd3 b6 9. Ne5 Bb7 10. f4 Qc7 11. O-O c4 12. Bc2 b5 13. Bh4 Be7 14. Qf3 Nxe5 15. fxe5 Ne8 16. Qh3 Bxh4 17. Qxh4 h6 18. Rf3 Qd8 19. Qh3 a5 20. Rg3 Kh8 21. Rf1 Qe7 22. Rf4 f6 23. Rh4 f5 24. Rxh6+ Kg8 25. Rh8+ 1-0

[Event "III Copa Marcel Duchamp 2019"]
[Site "Montevideo"]
[Date "2019.02.16"]
[Round "9.28"]
[White "El Ters, Antouan"]
[Black "Baudel, Simon"]
[Result "1-0"]
[ECO "B01"]
[WhiteElo "2205"]
[BlackElo "1847"]
[Annotator "NA"]
[PlyCount "53"]
[EventDate "2019.02.09"]
[EventType "swiss"]
[EventCountry "URU"]
[SourceTitle "playchess.com"]
[Source "ChessBase"]
[SourceQuality "1"]
[TimeControl "5400+30"]

1. e4 d5 2. exd5 Nf6 3. Bb5+ Bd7 4. Bc4 Bg4 5. f3 Bf5 6. Nc3 c6 7. dxc6 Nxc6 8. d3 Qb6 9. g4 Bg6 10. g5 Nd7 11. Nd5 Qd8 12. Bf4 e5 13. Be3 Ne7 14. Qd2 Nf5 15. Bf2 h6 16. O-O-O Qxg5 17. f4 Qd8 18. Re1 f6 19. fxe5 fxe5 20. Nf3 Bd6 21. Rhg1 Bf7 22. d4 O-O 23. dxe5 Rc8 24. Bb3 Nc5 25. exd6 Nxb3+ 26. axb3 Qxd6 27. Ne7+ 1-0

[Event "III Copa Marcel Duchamp 2019"]
[Site "Montevideo"]
[Date "2019.02.16"]
[Round "9.29"]
[White "Palacio, Enzo"]
[Black "Munoz Perez, Rolando"]
[Result "0-1"]
[ECO "C41"]
[WhiteElo "1626"]
[BlackElo "2130"]
[Annotator "NA"]
[PlyCount "76"]
[EventDate "2019.02.09"]
[EventType "swiss"]
[EventCountry "URU"]
[SourceTitle "playchess.com"]
[Source "ChessBase"]
[SourceQuality "1"]
[TimeControl "5400+30"]

1. e4 e5 2. Nf3 d6 3. d4 Nf6 4. Nc3 Nbd7 5. Bc4 Be7 6. O-O O-O 7. a4 c6 8. h3 b6 9. Qe2 a6 10. Rd1 Qc7 11. d5 cxd5 12. Bxd5 Bb7 13. Bxb7 Qxb7 14. Bg5 Rfc8 15. Nd5 Nxd5 16. Rxd5 Bf8 17. Nh2 h6 18. Bh4 g5 19. Bg3 Nf6 20. Rad1 Nxd5 21. Rxd5 f5 22. Qh5 Qf7 23. Qxf7+ Kxf7 24. exf5 Rxc2 25. Nf3 Rxb2 26. h4 g4 27. Nd2 Rc8 28. Ne4 Rc1+ 29. Kh2 Rbb1 30. Bxe5 Rd1 31. Nxd6+ Bxd6 32. Rxd6 Rxd6 33. Bxd6 Kf6 34. Bf4 h5 35. Be3 Kxf5 36. Kg3 Rb3 37. Kh2 Rxe3 38. fxe3 b5 0-1

[Event "III Copa Marcel Duchamp 2019"]
[Site "Montevideo"]
[Date "2019.02.16"]
[Round "9.30"]
[White "Vazquez, Facundo"]
[Black "Schnaider, Ilan"]
[Result "1-0"]
[ECO "E67"]
[WhiteElo "2019"]
[BlackElo "1825"]
[Annotator "NA"]
[PlyCount "105"]
[EventDate "2019.02.09"]
[EventType "swiss"]
[EventCountry "URU"]
[SourceTitle "playchess.com"]
[Source "ChessBase"]
[SourceQuality "1"]
[TimeControl "5400+30"]

1. d4 Nf6 2. c4 g6 3. g3 Bg7 4. Bg2 O-O 5. Nc3 d6 6. Nf3 Nbd7 7. O-O Re8 8. e4 c5 9. d5 Nb6 10. Qd3 e6 11. Bf4 exd5 12. cxd5 a6 13. Rfe1 Ng4 14. a4 Ne5 15. Nxe5 Bxe5 16. Bxe5 dxe5 17. a5 Nd7 18. Qe3 Qe7 19. Red1 Qd6 20. Na4 c4 21. Qc3 b5 22. axb6 Nxb6 23. Nxb6 Qxb6 24. Ra4 Qb3 25. Rda1 Rb8 26. Rxc4 Qxb2 27. Qxb2 Rxb2 28. Rc7 Rb7 29. Rc6 Rb4 30. f3 Bb7 31. Rc7 Rc8 32. Re7 Kf8 33. Rxe5 f6 34. Re6 Kf7 35. Bh3 Rd8 36. d6 Rb6 37. Re7+ Kf8 38. Rxh7 Rdxd6 39. Rc1 Rdc6 40. Rd1 Kg8 41. Rdd7 Rc1+ 42. Kf2 Bc8 43. Rdg7+ Kf8 44. Bxc8 Rxc8 45. Rxg6 Rc3 46. g4 a5 47. Ra7 Ra3 48. Rh6 Kg8 49. Rg6+ Kf8 50. Rh6 Kg8 51. Rh5 Rb2+ 52. Kg3 Rbb3 53. Rf5 1-0

[Event "III Copa Marcel Duchamp 2019"]
[Site "Montevideo"]
[Date "2019.02.16"]
[Round "9.31"]
[White "Cardozo, Camila"]
[Black "Siddeley, Hugh"]
[Result "0-1"]
[ECO "D02"]
[WhiteElo "1459"]
[BlackElo "1968"]
[Annotator "NA"]
[PlyCount "71"]
[EventDate "2019.02.09"]
[EventType "swiss"]
[EventCountry "URU"]
[SourceTitle "playchess.com"]
[Source "ChessBase"]
[SourceQuality "1"]
[TimeControl "5400+30"]

1. d4 Nf6 2. Nf3 d5 3. Bf4 c5 4. e3 Nc6 5. c3 Qb6 6. b3 Bg4 7. h3 Bxf3 8. Qxf3 cxd4 9. exd4 e6 10. Nd2 Rc8 11. Be2 Be7 12. O-O O-O 13. Qg3 Kh8 14. Bg5 Nb8 15. Rac1 Nbd7 16. Qh4 a6 17. Bd3 g6 18. Bh6 Ng8 19. Bg5 Bxg5 20. Qxg5 Qa5 21. c4 Qxa2 22. cxd5 exd5 23. Rxc8 Rxc8 24. Qxd5 Ngf6 25. Qg5 Qb2 26. Bc4 Kg7 27. Qf4 b5 28. Rb1 Qc2 29. Bf1 Nd5 30. Qd6 N5b6 31. Qf4 Nf6 32. Ra1 Nbd5 33. Qg5 h6 34. Qe5 Qxd2 35. Rxa6 Rc2 36. Qd6 0-1

[Event "III Copa Marcel Duchamp 2019"]
[Site "Montevideo"]
[Date "2019.02.16"]
[Round "9.32"]
[White "Muzzi, Eduardo"]
[Black "Alvarez, Miguel"]
[Result "1/2-1/2"]
[ECO "B03"]
[WhiteElo "1954"]
[BlackElo "1790"]
[Annotator "NA"]
[PlyCount "42"]
[EventDate "2019.02.09"]
[EventType "swiss"]
[EventCountry "URU"]
[SourceTitle "playchess.com"]
[Source "ChessBase"]
[SourceQuality "1"]
[TimeControl "5400+30"]

1. e4 Nf6 2. e5 Nd5 3. d4 d6 4. c4 Nb6 5. exd6 cxd6 6. Bd3 g6 7. Nf3 Bg7 8. Be3 O-O 9. O-O Bg4 10. Nbd2 Nc6 11. h3 Bxf3 12. Nxf3 d5 13. c5 Nc4 14. Bxc4 dxc4 15. Rc1 Qd5 16. Qe2 Nxd4 17. Nxd4 Bxd4 18. Rfd1 e5 19. Bxd4 exd4 20. Rxc4 Rfe8 21. Qd3 Re4 1/2-1/2